 Seeded DCSS version 0.30.1-9-gdf580d7c3d (webtiles) character file.

Game seed: 6351066067085065685 (custom seed)

35 Esekla the Magician (level 3, -3/19 HPs)
             Began as a Deep Elf Wanderer on Oct 2, 2023.
             Was an Initiate of Vehumet.
             Slain by a gnoll
             ... wielding a +0 club
              (4 damage)
             ... on level 3 of the Dungeon.
             The game lasted 00:10:27 (1250 turns).

Esekla the Magician (Deep Elf Wanderer)             Turns: 1250, Time: 00:10:27

Health: -3/19      AC:  4    Str: 11    XL:     3   Next: 16%
Magic:  1/11       EV: 11    Int: 19    God:    Vehumet [......]
Gold:   139        SH:  3    Dex: 11    Spells: 5/12 levels left

rFire   . . .        a - +1 short sword (freeze)
rCold   . . .        d - +0 buckler
rNeg    . . .        c - +0 robe
rPois   .            k - +0 helmet
rElec   .            (no cloak)
rCorr   .            j - +0 pair of gloves
SInv    .            (no boots)
Will    .....        (no amulet)
Stlth   ++           (no ring)
HPRegen 0.23/turn    (no ring)
MPRegen 0.12/turn

%: no passive effects
@: very slightly contaminated
A: no striking features
a: Renounce Religion


You were on level 3 of the Dungeon.
You worshipped Vehumet.
Vehumet was noncommittal.
You visited 1 branch of the dungeon, and saw 4 of its levels.

You collected 139 gold pieces.

Inventory:

Hand Weapons
 a - a +1 short sword of freezing (weapon)
Armour
 c - a +0 robe (worn)
 d - a +0 buckler (worn)
 j - a +0 pair of gloves (worn)
 k - a +0 helmet (worn)
Wands
 p - a wand of roots (7)
Scrolls
 g - 3 scrolls of identify {unknown}
 m - a scroll of amnesia {unknown}
 n - a scroll of enchant armour {unknown}
 q - a scroll of blinking {unknown}
Potions
 b - a potion of lignification
 e - a potion of ambrosia {unknown}
 f - 2 potions of attraction {unknown}
 h - a potion of heal wounds {unknown}
 i - 2 potions of curing {unknown}
 l - a potion of mutation {unknown}
 o - a potion of haste {unknown}


   Skills:
 * Level 1.7 Dodging
 + Level 1.2 Stealth
 + Level 1.5 Shields
 * Level 5.4 Spellcasting
 + Level 0.5 Conjurations
 + Level 2.2 Translocations
 + Level 1.0 Invocations


You had 5 spell levels left.
You knew the following spells:

 Your Spells              Type           Power      Damage    Failure   Level
a - Magic Dart            Conj           28%        1d4       14%         1
b - Blink                 Tloc           26%        N/A       11%         2
d - Vampiric Draining     Necr           5%         2d6       45%         3
p - Apportation           Tloc           26%        N/A       7%          1

Your spell library contained the following spells:

 Spells                   Type           Power      Damage    Failure   Level
 Lesser Beckoning         Tloc           26%        N/A       11%         2
 Ignite Poison            Fire/Tmut/Pois 5%         N/A       45%         3


Dungeon Overview and Level Annotations

Branches:
Dungeon (4/15)
 Temple: D:4-7

Altars:
Okawaru
Vehumet
Zin

Shops:
D:2 =


Message History

Aim: a gnoll, wielding a +0 club You miscast Vampiric Draining.
Nothing appears to happen.
The gnoll hits you with a +0 club.
Casting: Vampiric Draining (astonishingly dangerous; 45% risk of failure)
Confirm with . or Enter, or press ? or * to list all spells.
The spell is astonishingly dangerous to miscast (45% risk of failure)!
Continue anyway?
Aiming: Vampiric Draining (astonishingly dangerous; 45% risk of failure)
Press: ? - help, Shift-Dir - straight line, f/p - gnoll
Aim: a gnoll, wielding a +0 club You miscast Vampiric Draining.
Nothing appears to happen.
The gnoll barely misses you.
Casting: Vampiric Draining (astonishingly dangerous; 45% risk of failure)
Confirm with . or Enter, or press ? or * to list all spells.
You don't have enough magic to cast this spell.
Unknown command.
Unknown command.
You hit the gnoll. You freeze the gnoll.
The gnoll is moderately wounded.
The gnoll hits you with a +0 club.
You hit the gnoll. You freeze the gnoll.
The gnoll is moderately wounded.
You block the gnoll's attack.
You closely miss the gnoll.
The gnoll is moderately wounded.
The gnoll hits you with a +0 club!
* * * LOW HITPOINT WARNING * * *
You closely miss the gnoll.
The gnoll is moderately wounded.
The gnoll hits you but does no damage.
You barely miss the gnoll.
The gnoll is moderately wounded.
The gnoll hits you with a +0 club.
* * * LOW HITPOINT WARNING * * *
Aiming: Fastroot
Press: ? - help, Shift-Dir - straight line, f/p - gnoll
Aim: a gnoll, wielding a +0 club (moderately wounded)
The roots erupt in riotous growth!
Roots grab the gnoll.
The grasping roots constrict the gnoll.
The gnoll hits you with a +0 club.
You die...

#.#
#.#
#.#
#.#
#.#
#)#
#g#
#@#
###


You could see a gnoll (rooted).

Vanquished Creatures
  2 adders (D:2)
  An endoplasm (D:3)
  4 goblins
  2 hobgoblins
  3 bats
  2 frilled lizards
  3 kobolds
  A rat (D:2)
18 creatures vanquished.

Notes
Turn   | Place    | Note
-------+----------+-------------------------------------------
     0 | D:1      | Esekla the Deep Elf Wanderer began the quest for the Orb.
     0 | D:1      | Esekla set off with the following items: a +0 club, a
                  | potion of lignification, a +0 robe, a +0 buckler; and the
                  | following spells available to memorise: Apportation, Blink,
                  | Lesser Beckoning, Magic Dart, Ignite Poison, Vampiric
                  | Draining.
     0 | D:1      | Reached XP level 1. HP: 10/10 MP: 7/7
     2 | D:1      | Learned a level 1 spell: Magic Dart
     4 | D:1      | Learned a level 1 spell: Apportation
   353 | D:4      | Found a radiant altar of Vehumet.
   361 | D:4      | Found an iron altar of Okawaru.
   376 | D:4      | Found a glowing silver altar of Zin.
   460 | D:4      | Became a worshipper of Vehumet
   525 | D:3      | Reached skill level 1 in Dodging
   639 | D:3      | Reached XP level 2. HP: 15/15 MP: 1/9
   642 | D:3      | Learned a level 2 spell: Blink
   781 | D:2      | Reached skill level 5 in Spellcasting
   963 | D:2      | Found Renulab's Jewellery Shop.
  1091 | D:2      | Reached XP level 3. HP: 9/19 MP: 7/11
  1095 | D:2      | Learned a level 3 spell: Vampiric Draining
  1250 | D:3      | Slain by a gnoll

Illustrated notes

Levels and vault maps discovered:
D:1:      sevenhm_arrival_forest_fort_small_3, layout_rooms,
          chequers_serial_rivers_room_b, minmay_misc_feat_five
D:2:      layout_loops_ring, dreamdust_ecumenical_altar_angels_and_demons,
          serial_shops, shop
D:3:      layout_basic, grunt_temple_overflow_open, minmay_misc_feat_iff
D:4:      layout_basic, nicolae_overflow_quartered_altars, serial_shops,
          nicolae_diamond_shop

Skill      XL: |  1  2 |
---------------+-------+-----
Dodging        | 1 |  1.7
Spellcasting   | 5 |  5.4
Stealth        | |  1.2
Shields        | |  1.5
Conjurations   | |  0.5
Translocations | |  2.2
Invocations    | |  1.0

Action                     || total
---------------------------++-------
  Melee: Short sword       ||    44
   Cast: Magic Dart        ||    36
         Apportation       ||    19
         Blink             ||     1
  Evoke: Wand              ||     1
    Use: Scroll            ||     1
   Stab: Sleeping          ||     2
 Armour: Robe              ||    22
  Dodge: Dodged            ||    37
  Block: Buckler           ||    12
